 Dungeon Crawl Stone Soup version 0.27.1-33-g824d729ab1 (webtiles) character file.

Game seed: 17083571738849127151

53 ces the Ruffian (level 3, -1/33 HPs)
             Began as a Ghoul Berserker on Dec 1, 2021.
             Was a Believer of Trog.
             Slain by Crazy Yiuf (18 damage)
             ... on level 2 of the Dungeon.
             The game lasted 00:01:40 (1565 turns).

ces the Ruffian (Ghoul Berserker)                   Turns: 1565, Time: 00:01:41

Health: -1/33      AC:  2    Str: 20    XL:     3   Next: 89%
Magic:  2/2        EV: 12    Int:  3    God:    Trog [**....]
Gold:   42         SH:  0    Dex:  8    Spells: 2/2 levels left

rFire    . . .     SeeInvis .     - Unarmed
rCold    + . .     Faith    .   (no shield)
rNeg     + + +     Spirit   .   a - +0 animal skin
rPois    ∞         Reflect  .   (no helmet)
rElec    .         Harm     .   (no cloak)
rCorr    .         Rampage  .   (no gloves)
Will     .....                  (no boots)
Stlth    +.........             (no amulet)
HPRegen  0.00/turn              (no ring)
MPRegen  0.08/turn              (no ring)

@: very slightly contaminated, inhibited regen, invisible
A: claws 1, cold resistance 1, negative energy resistance 3, inhibited
regeneration, torment resistance 2
a: Renounce Religion, Trog's Hand


You were on level 2 of the Dungeon.
You worshipped Trog.
Trog was pleased with you.
You visited 1 branch of the dungeon, and saw 2 of its levels.

You collected 42 gold pieces.

Inventory:

Armour
 a - a +0 animal skin (worn)
Scrolls
 c - a scroll of immolation {unknown}
 f - a scroll of fear {unknown}
 i - a scroll of blinking {unknown}
 j - a scroll of teleportation {unknown}
 l - a scroll of amnesia {unknown}
Potions
 b - a potion of invisibility {unknown}
 d - a potion of curing {unknown}
 e - a potion of lignification {unknown}
 g - 3 potions of haste {unknown}
 h - a potion of flight {unknown}
 k - a potion of berserk rage {unknown}
 m - a potion of ambrosia {unknown}


   Skills:
 + Level 3.8 Fighting
 + Level 1.9 Armour
 + Level 2.1 Dodging
 + Level 4.4 Unarmed Combat


You had 2 spell levels left.
You didn't know any spells.
Your spell library was empty.

Dungeon Overview and Level Annotations

Branches:
Dungeon (2/15)

Altars:

Annotations:
D:2 Crazy Yiuf


Innate Abilities, Weirdness & Mutations

You thrive by killing the living.
You are immune to poison.
You have sharp fingernails.
Your flesh is cold resistant. (rC+)
You are immune to negative energy. (rN+++)
You do not regenerate when monsters are visible.
You are immune to unholy pain and torment.


Message History

The adder misses you.
You scratch the adder.
The adder is heavily wounded.
The adder bites you. The adder barely misses you.
You claw the adder!
You kill the adder!
Trog accepts your kill.
No target in view!
No target in view!
You see here an adder corpse.
There is a stone staircase leading up here.
Crazy Yiuf shouts!
Crazy Yiuf waves his quarterstaff at you.
Could not explore, unopened runed door.
Could not explore, unopened runed door.
Could not explore, unopened runed door.
No reachable target in view!
You open the door.
You scratch Crazy Yiuf but do no damage.
Crazy Yiuf hits you but does no damage.
You fade into invisibility!
You are very lightly contaminated with residual magic.
You scratch Crazy Yiuf but do no damage.
Crazy Yiuf misses you.
You claw Crazy Yiuf!
Crazy Yiuf is heavily wounded.
Crazy Yiuf hits you with a +4 quarterstaff of chaos!
Crazy Yiuf burns you.
You claw Crazy Yiuf!
Crazy Yiuf is severely wounded.
Crazy Yiuf drinks a potion.
Crazy Yiuf is healed!
You scratch Crazy Yiuf but do no damage.
Crazy Yiuf closely misses you.
You scratch Crazy Yiuf.
Crazy Yiuf is moderately wounded.
Crazy Yiuf says, "Flower stair broken!"
Crazy Yiuf hits you with a +4 quarterstaff of chaos!
You are electrocuted!!
Ouch! That really hurt!
You die...

#.....# ##..## #.# #
#.##### #....# #.# #
#.######## #P)P.#
### #.# # #.##.....#
##.P.# #.# #.#
#.##.##### ##.## #.#
#.# #......# ##.#
#.# #.# ###..#.#.###
#.## #.#####.##
...........# ##.#
#........#
.......#.### #@##
#######..###
.#>......# #g#
#...........
.#..#.##.# ...
##.#####.###
.#..#.##.# #...# #.#
#.# .#..#.##.# #)..#
#.# #.# .#..#.##.#
##### #.# #.#
##..#.##.### #.# #.#
##..#......# #####
#.# #.#
....#.###.#####.#.##
#.### #.#


You could see Crazy Yiuf.

Vanquished Creatures
  2 adders (D:2)
  2 worms (D:2)
  2 bats (D:1)
  3 endoplasms
  5 goblins
  2 hobgoblins (D:1)
  2 jackals (D:1)
  2 kobolds
  A quokka (D:2)
  A ball python (D:1)
  3 frilled lizards
  A rat (D:2)
26 creatures vanquished.

Notes
Turn   | Place    | Note
-------+----------+-------------------------------------------
     0 | D:1      | ces the Ghoul Berserker began the quest for the Orb.
     0 | D:1      | Reached XP level 1. HP: 19/19 MP: 0/0
   173 | D:1      | Reached XP level 2. HP: 26/26 MP: 1/1
   686 | D:2      | Reached skill level 4 in Unarmed Combat
   686 | D:2      | Reached XP level 3. HP: 28/33 MP: 2/2
   870 | D:2      | Reached ** piety under Trog
  1001 | D:2      | Found a runed translucent door.
  1002 | D:2      | Noticed Crazy Yiuf
  1197 | D:2      | Found a faded altar of an unknown god.
  1565 | D:2      | Slain by Crazy Yiuf

Illustrated notes

Levels and vault maps discovered:
D:1:      dpeg_arrival_castle, layout_rooms, minivault_26
D:2:      layout_loops_ring, hellmonk_ecumenical_altar_crossroads,
          uniq_crazy_yiuf_cottage

Skill      XL: |  1  2 |
---------------+-------+-----
Dodging        | 2 |  2.1
Unarmed Combat | 4 |  4.4
Fighting       | |  3.8
Armour         | |  1.9

Action                   || total
-------------------------++-------
Melee: Unarmed           ||    72
Armor: Animal skin       ||    19
Dodge: Dodged            ||    43
